 Dungeon Crawl Stone Soup version 0.26-a0-597-gb535b0901c (webtiles) character file.

Game seed: 943767478810189218

361222 Alarkh the Brawler (level 21, -7/165 HPs)
             Began as a Demonspawn Fighter on Sept 6, 2020.
             Was an Elder of Uskayaw.
             Splashed by a deep elf sorcerer's acid (13 damage)
             ... on level 3 of the Elven Halls.
             The game lasted 01:45:59 (37783 turns).

Alarkh the Brawler (Demonspawn Fighter)            Turns: 37783, Time: 01:45:59

Health: -7/165     AC: 13    Str: 21    XL:     21   Next: 49%
Magic:  31/37      EV: 20    Int: 18    God:    Uskayaw [****..]
Gold:   1233       SH: 22    Dex: 19    Spells: 39/44 levels left

rFire    + . .     SeeInvis +     - Unarmed
rCold    + + .     Faith    .   M - +3 kite shield "Bonoll" {*Drain rPois rC+}
rNeg     + . .     Spirit   .   J - +5 scale mail of Ceylot {rElec Str+4}
rPois    +         Reflect  +   Y - +0 mask of the Dragon {MR+ Slay+3 SInv}
rElec    +         Harm     .   S - +2 cloak {rC+}
rCorr    .         Clarity  +   (gloves unavailable)
MR       +++..                  T - +0 pair of boots {rampage}
Stlth    ++++......             O - amulet "Qacasaorgh" {Reflect Dex+3 SH+5}
HPRegen  1.77/turn              g - +4 ring of evasion
MPRegen  0.25/turn              R - ring of protection from fire

@: corroded, very slightly contaminated, hasted, studying Spellcasting,
invisible, very quick
A: claws 3, icy blue scales 2, agile 1, clarity, magic resistance 1, negative
energy resistance 1, powered by death 2, regeneration 1, spiny 3
}: 2/15 runes: serpentine, barnacled
a: Stomp, Line Pass, Renounce Religion


You were on level 3 of the Elven Halls.
You worshipped Uskayaw.
Uskayaw was most pleased with you.
You visited 8 branches of the dungeon, and saw 39 of its levels.
You also visited: Ice Cave.

You collected 4990 gold pieces.
You spent 3757 gold pieces at shops.

Inventory:

Armour
 J - the +5 scale mail of Ceylot (worn) {rElec Str+4}
   (You found it on level 6 of the Lair of Beasts)

   It affects your strength (+4).
   It insulates you from electricity.
 M - the +3 kite shield "Bonoll" (worn) {*Drain rPois rC+}
   (You took it off Donald on level 1 of the Elven Halls)

   It protects you from cold.
   It protects you from poison.
   It causes draining when unequipped.
 S - a +2 cloak of cold resistance (worn)
 T - a +0 pair of boots of rampaging (worn)
 Y - the +0 mask of the Dragon (worn) {MR+ Slay+3 SInv}
   (You bought it in a shop on level 1 of the Snake Pit)

   It affects your accuracy and damage with ranged weapons and melee attacks
   (+3).
   It affects your resistance to hostile enchantments.
   It lets you see invisible.
Jewellery
 f - an uncursed ring of flight
 g - a +4 ring of evasion (left claw)
 p - an uncursed amulet of regeneration
 E - an uncursed ring of teleportation
 N - an uncursed ring of resist corrosion
 O - the amulet "Qacasaorgh" (around neck) {Reflect Dex+3 SH+5}
   (You found it on level 14 of the Dungeon)

   [amulet of reflection]

   It shields you and reflects attacks.
   It affects your dexterity (+3).
   It affects your SH (+5).
 R - a ring of protection from fire (right claw)
Wands
 n - a wand of acid (17)
 q - a wand of random effects (24)
 v - a wand of paralysis (7)
 F - a wand of digging (19)
 H - a wand of disintegration (29)
 L - a wand of polymorph (3)
 W - a wand of iceblast (19)
Scrolls
 a - a scroll of enchant weapon
 d - 18 scrolls of remove curse
 i - 6 scrolls of teleportation
 o - 3 scrolls of fog
 r - 8 scrolls of identify
 t - a scroll of amnesia
 A - 2 scrolls of blinking
 G - 4 scrolls of fear
 I - 7 scrolls of magic mapping
Potions
 b - a potion of stabbing
 c - 7 potions of might
 e - a potion of cancellation
 h - a potion of heal wounds
 j - 17 potions of curing
 l - 3 potions of flight
 s - 6 potions of magic
 x - 9 potions of lignification
 z - 2 potions of resistance
 B - a potion of brilliance
 C - 3 potions of haste
 K - 3 potions of invisibility
Books
 k - a manual of Spellcasting


   Skills:
 + Level 14.3 Fighting
 + Level 9.4 Armour
 + Level 9.0 Dodging
 - Level 12.0 Stealth
 + Level 13.4 Shields
 * Level 17.8 Unarmed Combat
 - Level 12.0 Spellcasting
 * Level 11.2 Transmutations
 + Level 16.7 Invocations
 - Level 8.0 Evocations


You had 39 spell levels left.
You knew the following spells:

 Your Spells              Type           Power        Failure   Level
a - Blade Hands           Tmut           ######....   4%          5

Your spell library contained the following spells:

 Spells                   Type           Power        Failure   Level
 Beastly Appendage        Tmut           ######       1%          1
 Sting                    Tmut/Pois      ####         1%          1
 Wereblood                Tmut           ######..     1%          2
 Passwall                 Tmut/Erth      ####....     2%          2
 Spider Form              Tmut/Pois      ####......   5%          3
 Ignite Poison            Fire/Tmut/Pois ###.....     12%         3
 Corona                   Hex            ##.....      19%         1
 Freeze                   Ice            ##..         19%         1
 Ice Form                 Ice/Tmut       ####....     19%         4
 Petrify                  Tmut/Erth      ####....     19%         4
 Blink                    Tloc           N/A          26%         2
 Call Imp                 Summ           ##......     26%         2
 Ensorcelled Hibernation  Hex/Ice        ##....       26%         2
 Poisonous Vapours        Pois/Air       ##....       26%         2
 Swiftness                Air            ##......     26%         2
 Yara's Violent Unravell  Hex/Tmut       ####......   45%         5
 Confusing Touch          Hex            ##......     47%         3
 Conjure Flame            Conj/Fire      ##......     47%         3
 Dazzling Flash           Conj/Hex       ##....       47%         3
 Frozen Ramparts          Ice            ##....       47%         3
 Gell's Gravitas          Tloc           ##........   47%         3
 Lesser Beckoning         Tloc           ##........   47%         3
 Mephitic Cloud           Conj/Pois/Air  ##......     47%         3
 Ozocubu's Armour         Ice            ##......     47%         3
 Portal Projectile        Hex/Tloc       ##....       47%         3
 Static Discharge         Conj/Air       ##......     47%         3
 Summon Guardian Golem    Hex/Summ       ##......     47%         3
 Teleport Other           Tloc           ##......     47%         3
 Tukima's Dance           Hex            ##......     47%         3
 Animate Dead             Necr           ##........   87%         4
 Cause Fear               Hex            ##........   87%         4
 Hailstorm                Conj/Ice       ##......     87%         4
 Iskenderun's Mystic Bla  Conj/Tloc      ##......     87%         4
 Olgreb's Toxic Radiance  Pois           ##......     87%         4
 Passage of Golubria      Tloc           N/A          87%         4
 Summon Ice Beast         Ice/Summ       ##......     87%         4
 Bolt of Magma            Conj/Fire/Erth ##........   99%         5
 Borgnjor's Vile Clutch   Necr/Erth      ##........   99%         5
 Iskenderun's Battlesphe  Conj           ##......     99%         5
 Lee's Rapid Deconstruct  Erth           ##........   99%         5
 Lightning Bolt           Conj/Air       ##........   99%         5
 Metabolic Englaciation   Hex/Ice        ##........   99%         5
 Silence                  Hex/Air        ##........   99%         5
 Summon Demon             Summ           ##........   99%         5
 Summon Forest            Summ/Tloc      ##........   99%         5
 Summon Mana Viper        Hex/Summ       ##......     99%         5
 Death Channel            Necr           ##........   100%        6
 Dispersal                Tloc           ##........   100%        6
 Freezing Cloud           Conj/Ice/Air   ##........   100%        6
 Invisibility             Hex            ##......     100%        6
 Iron Shot                Conj/Erth      ##........   100%        6
 Shadow Creatures         Summ           N/A          100%        6
 Simulacrum               Ice/Necr       ##........   100%        6
 Starburst                Conj/Fire      ##........   100%        6
 Orb of Destruction       Conj           ##........   100%        7
 Spellforged Servitor     Conj/Summ      ##........   100%        7
 Summon Hydra             Summ           ##........   100%        7
 Discord                  Hex            ##........   100%        8
 Ignition                 Fire           ##........   100%        8
 Shatter                  Erth           ##........   100%        9
 Tornado                  Air            ##........   100%        9


Dungeon Overview and Level Annotations

Branches:
Dungeon (15/15)            Temple (1/1) D:7            Lair (6/6) D:11
 Shoals (4/4) Lair:2        Snake (4/4) Lair:4        Slime (0/5) Lair:6
    Orc (2/2) D:12            Elf (3/3) Orc:2        Vaults (4/5) D:14
  Crypt (0/3) Vaults:3     Depths (0/5) D:15          IceCv (visited)

Altars:
Ashenzari
Cheibriados
Dithmenos
Elyvilon
Fedhas
Gozag
Hepliaklqana
Kikubaaqudgha
Makhleb
Nemelex Xobeh
Okawaru
Qazlal
Ru
Sif Muna
Trog
Uskayaw
Vehumet
Wu Jian
Xom
Yredelemnul
Zin
The Shining One
Beogh

Shops:
D:4 !   D:6 :   D:12 *?[   D:15 *   Orc:1 !   Orc:2 }(?}:   Elf:2 ?
Shoals:2 *   Shoals:4 *   Snake:1 [((}*[}[

Annotations:
Vaults:3 2 runed translucent doors, Usulitso's ghost, veteran FoVM; Vileos's ghost, adept DsGl


Innate Abilities, Weirdness & Mutations

You have claws for hands.
You are mostly covered in icy blue scales. (AC +3)
You resist negative energy. (rN+)
You regenerate health from kills.
You are completely covered in sharp spines.
You are agile. (Dex +2)
You possess an exceptional clarity of mind.
You are resistant to hostile enchantments. (MR+)
Your natural rate of healing is unusually fast.


Message History

You block the deep elf sorcerer's attack.
Unknown command.
You stomp with the beat, sending a shockwave through the revelers around you!
You kill the deep elf blademaster!
Your Dodging skill increases to level 9!
The deep elf sorcerer is severely wounded.
The deep elf elementalist is almost dead.
The deep elf blademaster is almost dead.
You can no longer merge with and destroy a victim.
You block the deep elf blademaster's attack. x2
The deep elf master archer shoots an arrow.
The arrow closely misses the deep elf blademaster.
The arrow closely misses you.
The deep elf elementalist is struck by your spines.
The deep elf elementalist completely misses you.
The deep elf sorcerer gestures at you while chanting.
The bolt of acid hits you!!
* * * LOW HITPOINT WARNING * * *
The acid corrodes you!
You are splashed with acid!
You die...

#..☼.○.# ##ee○.## ##2e## #e1#
#e4# #3e# #1e#
###############ee##############
#......#.....)@#.......')......
#......'......ee.e.....#.......
#).....#.(..(..#.......#.......
#'########'######+###########'#
#....).........................
#..............................
###############################


You could see a deep elf blademaster, an Ice Fiend (summoned), a deep elf master
archer, 2 deep elf death magi, an Executioner (summoned, fast), 2 deep elf
sorcerers, 2 deep elf elementalists, a sun demon (summoned), 3 deep elf high
priests, a hellwing (summoned) and a tormentor (summoned, wandering).

Vanquished Creatures
  Frederick (Vaults:4)
  Vashnia (Snake:2)
  Saint Roka (Orc:2)
  Xtahua (Vaults:2)
  Nikola (Snake:2)
  An Ice Fiend (IceCv)
  2 deep elf blademasters
  A kraken (Shoals:4)
  A sphinx (Vaults:3)
  Kirke (Elf:1)
  Polyphemus (Shoals:3)
  2 tengu reavers (Vaults:3)
  Agnes (Elf:1)
  Donald (Elf:1)
  8 nagarajas (Snake:4)
  8 vault wardens
  Aizul (Snake:4)
  3 deep elf sorcerers
  3 deep elf elementalists (Elf:3)
  8 ironheart preservers
  4 very ugly things (Vaults:4)
  An entropy weaver (shapeshifter) (D:15)
  6 stone giants
  3 entropy weavers
  3 deep elf demonologists
  A minotaur (Shoals:1)
  6 merfolk javelineers
  Josephine (Lair:6)
  4 yaktaur captains
  5 merfolk impalers
  Erolcha (Orc:2)
  2 fire dragons
  2 great orbs of eyes
  A rakshasa (Vaults:3)
  10 hydras
  5 vault guards (Vaults:3)
  An ice dragon (Shoals:1)
  3 centaur warriors
  11 naga warriors
  4 catoblepae
  An alligator snapping turtle (Shoals:4)
  8 merfolk avatars
  A death knight (Vaults:4)
  4 anacondas
  28 dancing weapons
  32 two-headed ogres
  A satyr (shapeshifter) (Vaults:1)
  A satyr (Shoals:1)
  A tengu warrior (D:15)
  10 ogre magi
  17 death yaks
  18 naga sharpshooters
  12 shock serpents
  Nergalle (D:10)
  3 salamander mystics
  16 deep elf knights
  A shadow wraith (Vaults:4)
  A fire crab (Lair:6)
  16 skeletal warriors
  A flayed ghost (Vaults:4)
  6 sea snakes
  An unseen horror (D:15)
  The ghost of Sassenached the Cudgeler, a novice NaWn of Gozag (D:7)
  3 wizards
  2 glowing orange brains
  9 naga ritualists
  5 deep elf archers
  37 harpies
  12 ironbrand convokers
  7 orc knights
  53 deep elf magi
  A harpy (shapeshifter) (Vaults:2)
  9 mana vipers
  4 necromancers
  23 manticores
  8 orc sorcerers
  A moth of wrath (D:7)
  12 salamanders
  A manticore (shapeshifter) (D:15)
  12 fauns
  2 wolf spiders
  A frost giant zombie (Vaults:1)
  2 fire giant skeletons (Vaults:1)
  25 ugly things
  5 cyclopes
  2 guardian serpents (shapeshifter)
  9 merfolk sirens
  2 centaur zombies (D:15)
  5 water nymphs
  7 guardian serpents
  13 vault sentinels
  44 black mambas
  An elephant (Shoals:1)
  Maurice (D:10)
  Psyche (D:8)
  27 naga magi
  A human skeleton (Vaults:4)
  A black mamba (shapeshifter) (Vaults:4)
  An ice statue (IceCv)
  A gargoyle (D:13)
  Maggie (D:7)
  9 cane toads
  3 human zombies
  An efreet (D:15)
  9 rime drakes
  5 komodo dragons
  7 freezing wraiths
  A rime drake (shapeshifter) (D:15)
  2 anaconda simulacra (IceCv)
  6 ice devils (IceCv)
  15 yaktaurs
  A tengu conjurer (D:15)
  35 merfolk
  A golden dragon simulacrum (IceCv)
  8 trolls
  6 meliai
  5 wind drakes
  5 hornets
  2 polar bears
  A dream sheep (shapeshifter) (Vaults:2)
  A harpy skeleton (D:15)
  A polar bear (shapeshifter) (D:15)
  23 slime creatures
  17 snapping turtles
  A stone giant simulacrum (Vaults:1)
  4 blink frogs (Lair:6)
  8 hippogriffs
  A meliai zombie (D:15)
  Sigmund (D:4)
  5 air elementals
  A wyvern (Lair:5)
  5 redbacks
  A shadow (D:12)
  11 wraiths
  A dire elephant simulacrum (IceCv)
  5 water elementals
  4 fire elementals (Elf:2)
  47 yaks
  6 hogs (Elf:1)
  8 steam dragons (Lair:4)
  3 yaktaur simulacra
  3 basilisks
  2 death yak simulacra (IceCv)
  6 vampire mosquitoes
  68 nagas
  4 harpy simulacra (IceCv)
  An iron troll simulacrum (IceCv)
  4 wargs
  An ogre zombie (Vaults:1)
  3 hydra simulacra (IceCv)
  14 water moccasins
  2 acid dragons
  10 porcupines
  A swamp drake (shapeshifter) (D:15)
  4 ettin simulacra
  4 sky beasts
  2 black bears (D:11)
  28 orc warriors
  An ice dragon simulacrum (Vaults:1)
  A necrophage (D:8)
  7 ice beasts
  An eye of draining (D:9)
  10 wolves
  29 ogres
  2 phantoms
  3 boggarts (Vaults:2)
  An eye of draining (shapeshifter) (Elf:2)
  9 centaurs
  7 crocodiles
  A big kobold (D:9)
  14 bullfrogs
  3 gnoll sergeants
  A water moccasin zombie (D:8)
  3 scorpions
  A wyvern skeleton (D:6)
  6 killer bees (D:11)
  2 oklob saplings (D:9)
  11 wights
  An electric eel (Lair:1)
  3 vampire bats (Orc:2)
  3 howler monkeys
  2 bullfrog zombies
  A quasit (D:9)
  15 jellies
  11 hounds
  2 draconian simulacra (IceCv)
  17 orc priests
  3 bullfrog skeletons
  Crazy Yiuf (D:3)
  3 centaur skeletons
  4 iguanas
  Natasha (thrice) (D:4)
  39 orc wizards
  A spriggan simulacrum (IceCv)
  12 worker ants
  4 troll simulacra (IceCv)
  A polar bear simulacrum (IceCv)
  A wolf simulacrum (IceCv)
  2 hound zombies
  2 hound skeletons (D:4)
  A mummy (D:8)
  2 worker ant zombies (D:10)
  24 adders
  8 gnolls
  3 ogre simulacra (IceCv)
  A shadow imp (D:7)
  6 white imps
  7 ufetubi (IceCv)
  3 oozes
  2 adder skeletons
  2 worms
  3 dart slugs
  8 leopard geckos
  93 orcs
  10 ball pythons
  11 giant cockroaches
  13 goblins
  12 hobgoblins
  5 jackals
  7 quokkas
  12 bats
  9 frilled lizards
  A jackal skeleton (D:2)
  15 kobolds
  6 rats
  5 tentacles (Shoals:4)
1599 creatures vanquished.

Vanquished Creatures (others)
  A merfolk impaler (Shoals:1)
  A merfolk aquamancer (Shoals:4)
  A deep elf knight (Elf:2)
  A deep elf mage (Elf:1)
  A naga mage (Snake:4)
  A yak (Lair:6)
  A naga (Snake:4)
  A boggart (Vaults:3)
  An orc (Orc:2)
  A bush (D:9)
  A crawling corpse (Elf:3)
  14 fungi
  100 plants
  5 tentacles (Shoals:4)
  A withered plant (D:8)
131 creatures vanquished.

Grand Total: 1730 creatures vanquished

Notes
Turn   | Place    | Note
-------+----------+-------------------------------------------
     0 | D:1      | Alarkh the Demonspawn Fighter began the quest for the Orb.
     0 | D:1      | Reached XP level 1. HP: 18/18 MP: 1/1
    32 | D:1      | Reached skill level 2 in Unarmed Combat
    53 | D:1      | Gained mutation: You have sharp fingernails. [demonic
                  | ancestry]
    53 | D:1      | Reached XP level 2. HP: 17/24 MP: 2/2
   338 | D:1      | Reached XP level 3. HP: 26/29 MP: 3/3
   982 | D:2      | Reached skill level 3 in Unarmed Combat
  1061 | D:2      | Gained mutation: You are partially covered in sharp spines.
                  | [demonic ancestry]
  1061 | D:2      | Reached XP level 4. HP: 26/35 MP: 4/4
  1579 | D:3      | Found a basalt altar of Yredelemnul.
  1594 | D:3      | Reached XP level 5. HP: 4/42 MP: 5/5
  1754 | D:3      | Reached skill level 4 in Unarmed Combat
  1810 | D:3      | Found a runed translucent door.
  1811 | D:3      | Noticed Crazy Yiuf
  1852 | D:3      | Gained mutation: You regenerate a little health from kills.
                  | [demonic ancestry]
  1852 | D:3      | Reached XP level 6. HP: 46/48 MP: 6/6
  2139 | D:3      | Found a shadowy altar of Dithmenos.
  2139 | D:3      | Noticed a shadow
  2140 | D:3      | Found a hazy altar of Hepliaklqana.
  2397 | D:3      | Killed Crazy Yiuf
  2685 | D:4      | Noticed Sigmund
  2705 | D:3      | Reached skill level 5 in Unarmed Combat
  2705 | D:3      | Reached XP level 7. HP: 55/55 MP: 7/7
  2724 | D:4      | Gained mutation: Your natural rate of healing is unusually
                  | fast. [potion of mutation]
  2724 | D:4      | Gained mutation: You are resistant to hostile enchantments.
                  | (MR+) [potion of mutation]
  2724 | D:4      | Gained mutation: You possess an exceptional clarity of
                  | mind. [potion of mutation]
  2724 | D:4      | Gained mutation: You are agile. (Dex +2) [potion of
                  | mutation]
  2733 | D:4      | Killed Sigmund
  2733 | D:4      | Reached skill level 5 in Fighting
  2753 | D:4      | Found Ottaly's Distillery.
  2870 | D:4      | Noticed Natasha
  2876 | D:4      | Killed Natasha
  2912 | D:4      | Noticed Natasha
  2920 | D:4      | Killed Natasha
  3112 | D:4      | Noticed Natasha
  3116 | D:4      | Killed Natasha
  3189 | D:5      | Entered Level 5 of the Dungeon
  3197 | D:5      | Reached skill level 6 in Unarmed Combat
  3245 | D:5      | Reached skill level 5 in Shields
  3245 | D:5      | Gained mutation: You have very sharp fingernails. [demonic
                  | ancestry]
  3245 | D:5      | Reached XP level 8. HP: 63/63 MP: 8/8
  3543 | D:5      | Found a blossoming altar of Fedhas.
  4118 | D:6      | Found a hide-covered altar of Uskayaw.
  4124 | D:6      | Became a worshipper of Uskayaw the Reveler
  4129 | D:6      | Reached * piety under Uskayaw
  4185 | D:6      | Found a stormy altar of Qazlal.
  4209 | D:6      | Reached ** piety under Uskayaw
  4217 | D:6      | Reached *** piety under Uskayaw
  4274 | D:6      | Reached skill level 7 in Unarmed Combat
  4334 | D:6      | Found Rebbuz's Book Shoppe.
  4452 | D:6      | Reached skill level 1 in Invocations
  4490 | D:6      | Reached skill level 1 in Stealth
  4954 | D:7      | Found a transporter.
  4954 | D:7      | Found a bloodstained altar of Trog.
  4956 | D:7      | Noticed Sassenached's ghost (novice NaWn)
  4961 | D:7      | Found a transporter.
  5044 | D:7      | Reached **** piety under Uskayaw
  5087 | D:7      | Noticed a moth of wrath
  5115 | D:7      | Noticed Maggie
  5133 | D:7      | Killed Maggie
  5133 | D:7      | Gained mutation: You regenerate health from kills. [demonic
                  | ancestry]
  5133 | D:7      | Reached XP level 9. HP: 71/71 MP: 9/11
  5142 | D:7      | Reached ***** piety under Uskayaw
  5291 | D:7      | Found a staircase to the Ecumenical Temple.
  5782 | D:8      | Reached skill level 8 in Unarmed Combat
  5802 | D:8      | Noticed a two-headed ogre
  5815 | D:8      | Killed a two-headed ogre
  5925 | D:8      | Reached skill level 5 in Invocations
  6051 | D:8      | Noticed a two-headed ogre
  6065 | D:8      | Killed a two-headed ogre
  6065 | D:8      | Reached skill level 9 in Unarmed Combat
  6065 | D:8      | Gained mutation: You are mostly covered in sharp spines.
                  | [demonic ancestry]
  6065 | D:8      | Reached XP level 10. HP: 25/79 MP: 12/14
  6104 | D:8      | Noticed Psyche
  6119 | D:8      | Paralysed by Psyche for 5 turns
  6126 | D:8      | Killed Psyche
  6154 | D:8      | Found an opulent altar of Gozag.
  6533 | D:9      | Found a blossoming altar of Fedhas.
  6947 | D:9      | Found a white marble altar of Elyvilon.
  7007 | D:9      | Noticed a two-headed ogre
  7016 | D:9      | Killed a two-headed ogre
  7016 | D:9      | Reached skill level 5 in Stealth
  7197 | D:10     | Entered Level 10 of the Dungeon
  7248 | D:10     | Found a shattered altar of Ashenzari.
  7250 | D:10     | Noticed Maurice
  7356 | D:10     | Reached skill level 10 in Unarmed Combat
  7613 | D:10     | Reached XP level 11. HP: 84/86 MP: 16/16
  7651 | D:10     | Noticed Nergalle
  7668 | D:10     | Killed Nergalle
  7927 | D:10     | Found a shattered altar of Ashenzari.
  8156 | D:10     | Killed Maurice
  8185 | D:11     | Noticed a two-headed ogre
  8193 | D:11     | Killed a two-headed ogre
  8219 | D:11     | Noticed a two-headed ogre
  8227 | D:11     | Killed a two-headed ogre
  8611 | D:11     | Noticed a two-headed ogre
  8618 | D:11     | Noticed a seven-headed hydra
  8622 | D:11     | Killed a two-headed ogre
  8630 | D:11     | Killed a seven-headed hydra
  8808 | D:11     | Found a staircase to the Lair.
  8813 | D:11     | Reached ****** piety under Uskayaw
  8819 | D:11     | Reached skill level 11 in Unarmed Combat
  9238 | Lair:1   | Entered Level 1 of the Lair of Beasts
  9343 | Lair:1   | Noticed a four-headed hydra
  9353 | Lair:1   | Reached XP level 12. HP: 95/95 MP: 18/18
  9354 | Lair:1   | Killed a four-headed hydra
  9528 | Lair:1   | You fall into a shaft and drop 1 floor!
  9541 | Lair:2   | Found a staircase to the Shoals.
  9735 | Lair:2   | Found an ancient bone altar of Kikubaaqudgha.
 10356 | Lair:2   | Noticed a four-headed hydra
 11211 | Lair:3   | Reached skill level 12 in Unarmed Combat
 11303 | Lair:3   | Reached skill level 10 in Invocations
 11617 | Lair:3   | Noticed a five-headed hydra
 12204 | Lair:4   | Noticed a fire dragon
 12220 | Lair:4   | Killed a fire dragon
 12220 | Lair:4   | Reached skill level 10 in Fighting
 12368 | Lair:4   | Gained mutation: You have claws for hands. [demonic
                  | ancestry]
 12368 | Lair:4   | Reached XP level 13. HP: 103/103 MP: 20/20
 12590 | Lair:4   | Found a staircase to the Snake Pit.
 13864 | Lair:6   | Entered Level 6 of the Lair of Beasts
 13905 | Lair:6   | Noticed Josephine
 13912 | Lair:6   | Killed Josephine
 13921 | Lair:6   | Reached skill level 13 in Unarmed Combat
 13921 | Lair:6   | Reached skill level 1 in Evocations
 14051 | Lair:6   | Found a staircase to the Slime Pits.
 14299 | Lair:6   | Reached skill level 10 in Shields
 14421 | Lair:6   | Reached XP level 14. HP: 62/111 MP: 22/22
 14427 | Lair:6   | Identified the Incunabulum of the Frostbite and the Compass
 14723 | Lair:6   | Got a blackened scale mail
 15108 | Lair:6   | Identified the +5 scale mail of Ceylot {rElec Str+4} (You
                  | found it on level 6 of the Lair of Beasts)
 15987 | D:12     | Found Cetah's General Store.
 16044 | D:12     | Found a roughly hewn altar of Beogh.
 16044 | D:12     | Found a staircase to the Orcish Mines.
 16094 | D:12     | Paralysed by a hornet for 3 turns
 16251 | D:12     | Found Duujeren's Magic Scroll Shoppe.
 16261 | D:12     | Bought a scroll of blinking for 90 gold pieces
 16265 | D:12     | Found Wicoazed's Armour Emporium.
 16291 | D:12     | Bought a +0 kite shield of fire resistance for 149 gold
                  | pieces
 16311 | D:12     | Found a blossoming altar of Fedhas.
 16607 | Orc:1    | Entered Level 1 of the Orcish Mines
 16725 | Orc:1    | Found Coink's Distillery.
 16735 | Orc:1    | Bought a potion of berserk rage for 55 gold pieces
 16909 | Orc:2    | Entered Level 2 of the Orcish Mines
 17018 | Orc:2    | Found a staircase to the Elven Halls.
 17185 | Orc:2    | Found Wuevogef's Gadget Shoppe.
 17243 | Orc:1    | Noticed a stone giant
 17268 | Orc:1    | Killed a stone giant
 17690 | Orc:2    | Reached skill level 14 in Unarmed Combat
 17699 | Orc:2    | Found Otecihu's Magic Scroll Emporium.
 17706 | Orc:2    | Bought a scroll of blinking for 105 gold pieces
 17706 | Orc:2    | Bought a scroll of fear for 49 gold pieces
 17719 | Orc:2    | Found a radiant altar of Vehumet.
 17719 | Orc:2    | Noticed Erolcha
 17731 | Orc:2    | Killed Erolcha
 17749 | Orc:2    | Noticed Saint Roka
 17920 | Orc:2    | Found Ulimao's Antique Weapon Shoppe.
 17933 | Orc:2    | Found an ancient bone altar of Kikubaaqudgha.
 17966 | Orc:2    | Killed Saint Roka
 17966 | Orc:2    | Reached skill level 1 in Dodging
 18014 | Orc:2    | Found a roughly hewn altar of Beogh.
 18014 | Orc:2    | Found Xadaom Racu's Gadget Emporium.
 18028 | Orc:2    | Reached skill level 5 in Evocations
 18104 | Orc:2    | Found Zukliamex's Book Shoppe.
 18313 | Orc:2    | Bought a wand of digging (5) for 252 gold pieces
 18551 | D:12     | Reached skill level 10 in Stealth
 18653 | D:12     | Gained mutation: You are partially covered in icy blue
                  | scales. (AC +2) [demonic ancestry]
 18653 | D:12     | Reached XP level 15. HP: 51/119 MP: 11/24
 19294 | Orc:2    | Bought 3 scrolls of enchant armour for 315 gold pieces
 19442 | D:14     | Got a glittering emerald amulet
 19443 | D:14     | Identified the amulet "Qacasaorgh" {Reflect Dex+3 SH+5}
                  | (You found it on level 14 of the Dungeon)
 19914 | D:14     | Found a gate to the Vaults.
 20166 | D:15     | Entered Level 15 of the Dungeon
 20587 | D:15     | Found a staircase to the Depths.
 20642 | D:15     | Found Yhaerph's General Store.
 21409 | D:7      | Killed Sassenached's ghost
 21629 | D:9      | Learned a level 5 spell: Blade Hands
 21814 | Snake:1  | Entered Level 1 of the Snake Pit
 21847 | Snake:1  | Found Nopn's Gadget Shoppe.
 21847 | Snake:1  | Found Hyuz's Antique Weapon Emporium.
 21848 | Snake:1  | Found Yseqiug's Assorted Antiques.
 21852 | Snake:1  | Bought a potion of berserk rage for 160 gold pieces
 21852 | Snake:1  | Found Buisad's Armour Shoppe.
 21867 | Snake:1  | Bought a +2 pair of boots of stealth for 258 gold pieces
 21879 | Snake:1  | Bought a +1 helmet of see invisible for 198 gold pieces
 21898 | Snake:1  | Found Semi's Gadget Shoppe.
 21902 | Snake:1  | Found Hyne Jat's Antique Weapon Shoppe.
 21964 | Snake:1  | Reached skill level 1 in Spellcasting
 21964 | Snake:1  | Reached skill level 1 in Transmutations
 21995 | Snake:1  | Found Azeittuni's Antique Armour Emporium.
 22000 | Snake:1  | Reached XP level 16. HP: 121/127 MP: 26/26
 22010 | Snake:1  | Bought a pair of glowing boots for 277 gold pieces
 22010 | Snake:1  | Bought a smouldering scale mail for 333 gold pieces
 22010 | Snake:1  | Identified the +2 scale mail of the Unstoppable Wishes
                  | {Rampage +Inv +Fly MR-} (You bought it in a shop on level 1
                  | of the Snake Pit)
 22212 | Snake:1  | Found Onunon's Antique Armour Emporium.
 22414 | Snake:1  | Reached skill level 15 in Unarmed Combat
 22421 | Snake:1  | Reached skill level 5 in Armour
 22591 | Snake:2  | Found a burning altar of Makhleb.
 22628 | Snake:2  | Noticed Vashnia
 22752 | Snake:2  | Killed Vashnia
 23273 | Snake:2  | Noticed Nikola
 23288 | Snake:2  | Killed Nikola
 23485 | Snake:3  | Found a transporter.
 23523 | Snake:3  | Found a transporter.
 23771 | Snake:4  | Entered Level 4 of the Snake Pit
 23830 | Snake:4  | Identified the Reference Book on Battle Magic
 23976 | Snake:4  | Reached XP level 17. HP: 121/135 MP: 27/27
 24059 | Snake:4  | Reached skill level 5 in Dodging
 24124 | Snake:4  | Reached skill level 5 in Spellcasting
 24124 | Snake:4  | Reached skill level 5 in Transmutations
 24277 | Snake:4  | Noticed Aizul
 24280 | Snake:4  | Killed Aizul
 24446 | Snake:4  | Got a serpentine rune of Zot
 25062 | Snake:3  | Identified the +2 pair of gloves of Lethargy {Dex+4} (You
                  | found it on level 3 of the Snake Pit)
 25209 | Shoals:1 | Entered Level 1 of the Shoals
 25247 | Shoals:1 | Found a frozen archway.
 25258 | IceCv    | Entered an ice cave
 25870 | IceCv    | Noticed an Ice Fiend
 25908 | IceCv    | Killed an Ice Fiend
 26262 | Shoals:1 | Reached XP level 18. HP: 125/142 MP: 28/28
 26580 | Shoals:1 | Reached skill level 16 in Unarmed Combat
 26630 | Shoals:1 | Found a hide-covered altar of Uskayaw.
 27278 | Shoals:2 | Found Yllaf's General Store.
 27304 | Shoals:2 | Bought a scroll of blinking for 105 gold pieces
 27304 | Shoals:2 | Bought a scroll of teleportation for 42 gold pieces
 27820 | Shoals:3 | Noticed Polyphemus
 27849 | Shoals:3 | Killed Polyphemus
 28487 | Shoals:4 | Entered Level 4 of the Shoals
 28721 | Snake:1  | Bought the +0 mask of the Dragon {MR+ Slay+3 SInv} for 1369
                  | gold pieces
 28721 | Snake:1  | Found the +0 mask of the Dragon {MR+ Slay+3 SInv}
 28934 | Shoals:4 | Found Dovakhua's General Store.
 29436 | Shoals:4 | Reached skill level 15 in Invocations
 29458 | Shoals:4 | HP: 7/143 [poisoned by a merfolk impaler]
 29463 | Shoals:4 | HP: 6/143 [poisoned by a merfolk impaler]
 29469 | Shoals:3 | HP: 7/143 [poisoned by a merfolk impaler]
 29811 | Shoals:4 | Got a barnacled rune of Zot
 30331 | Shoals:4 | Gained mutation: You are mostly covered in icy blue scales.
                  | (AC +3) [demonic ancestry]
 30331 | Shoals:4 | Reached XP level 19. HP: 124/149 MP: 30/30
 30737 | Vaults:1 | Entered Level 1 of the Vaults
 30956 | Vaults:1 | You fall into a shaft and drop 1 floor!
 31426 | Vaults:2 | Noticed Xtahua
 31446 | Vaults:2 | Killed Xtahua
 32717 | Vaults:2 | Found a shimmering altar of Xom.
 32795 | Vaults:2 | Identified a scroll of acquirement
 32799 | Vaults:2 | Acquired a manual of Spellcasting
 32839 | Vaults:3 | Found a large runed translucent door.
 32839 | Vaults:3 | Found a large runed translucent door.
 32839 | Vaults:3 | Noticed Vileos's ghost (adept DsGl)
 32839 | Vaults:3 | Noticed Usulitso's ghost (veteran FoVM)
 33276 | Vaults:3 | Gained mutation: You are completely covered in sharp
                  | spines. [demonic ancestry]
 33276 | Vaults:3 | Reached XP level 20. HP: 157/157 MP: 33/33
 33319 | Vaults:3 | Reached skill level 17 in Unarmed Combat
 33364 | Vaults:3 | Found a staircase to the Crypt.
 33364 | Vaults:3 | Found a basalt altar of Yredelemnul.
 33365 | Vaults:3 | Found an ancient bone altar of Kikubaaqudgha.
 33417 | Vaults:3 | Reached skill level 10 in Spellcasting
 34281 | Vaults:4 | Noticed Frederick
 34293 | Vaults:4 | Killed Frederick
 34293 | Vaults:4 | Reached skill level 10 in Transmutations
 35167 | Temple   | Entered the Ecumenical Temple
 35431 | Elf:1    | Entered Level 1 of the Elven Halls
 35571 | Elf:1    | Noticed Kirke
 35572 | Elf:1    | Noticed Agnes
 35584 | Elf:1    | Killed Agnes
 35589 | Elf:1    | Killed Kirke
 35794 | Elf:1    | Gained mutation: You resist negative energy. (rN+) [demonic
                  | ancestry]
 35794 | Elf:1    | Reached XP level 21. HP: 145/165 MP: 36/36
 35804 | Elf:1    | Identified Diruufet's Papyrus of Creation
 35875 | Elf:1    | Identified the +3 kite shield "Bonoll" {*Drain rPois rC+}
 35875 | Elf:1    | Noticed Donald
 35887 | Elf:1    | Killed Donald
 36532 | Elf:2    | Found Zoer's Magic Scroll Shoppe.
 36578 | Elf:2    | Found a runed translucent gate.
 36578 | Elf:2    | Found a runed translucent gate.
 36578 | Elf:2    | Found a runed translucent gate.
 37350 | Elf:3    | Entered Level 3 of the Elven Halls
 37783 | Elf:3    | HP: 6/165 [deep elf sorcerer/bolt of acid (28)]
 37783 | Elf:3    | Splashed by a deep elf sorcerer's acid

Illustrated notes

Levels and vault maps discovered:
D:1:      giann_horns, layout_loops_ring, serial_bayou_pond_c,
          serial_bayou_pond_a
D:2:      layout_rooms
D:3:      layout_loops_ring, riverfiend_overflow_shadow_ancestor,
          nicolae_overflow_crystal_walls, serial_bayou_pond_c,
          uniq_crazy_yiuf_cottage
D:4:      layout_loops_cross, serial_shops, shop,
          chequers_serial_rivers_micro_d, uniq_sigmund, uniq_natasha
D:5:      layout_layer_cave, lemuel_altar_in_water
D:6:      layout_basic, grunt_qazlal_clouds, eat_drink_and_be_merry_uskayaw,
          serial_shops, nicolae_shop_crystal
D:7:      layout_basic, temple_fountains, gammafunk_ghost_wrathful_warriors,
          minmay_bent, uniq_maggie
D:8:      layout_loops_cross, serial_undead, serial_undead_f, serial_undead_e,
          serial_undead_d, serial_undead_d, grunt_gozag_statues, uniq_psyche
D:9:      layout_rooms, marbit_many_paths, corexii_corridor_pit,
          introduction_to_nature_2
D:10:     layout_gridville, evilmike_ruin_ashenzari, uniq_maurice, uniq_nergalle
D:11:     layout_loops_ring, grunt_lair_entry_orc_guard_hut
D:12:     layout_cave_pools, david_orc_5, serial_shops, kennysheep_little_box,
          shop_coins, shop, basic_altar
D:13:     layout_irregular_city
D:14:     layout_roguey, david_vaults_1, minmay_misc_feat_rows
D:15:     gammafunk_enter_depths_forms, layout_basic, serial_shops, shop_statue,
          st_stairs_6, hangedman_decor_riveting
Temple:   eino_temple_rhombus
Lair:1:   layout_gridlike, serial_bayou_pond_d, grunt_megastairs_3,
          serial_bayou_shore_a
Lair:2:   cheibrodos_lair_river_kwai, layout_long_grid,
          elwin_shoals_entry_stream, basic_altar
Lair:3:   layout_gridlike, infiniplex_staircase_pool
Lair:4:   layout_long_grid, minmay_snake_entry_six_corridors,
          bobbens_dragon_lair_wall, serial_bayou_shore_b
Lair:5:   layout_regular_city, lemuel_old_faithful, serial_bayou_shore_b
Lair:6:   evilmike_catoblepas_cave, layout_cellular_growth,
          minmay_slime_entry_jelly_boxes, uniq_josephine
Shoals:1: layout_shoals, portal_ice_cave_entry_dragon, regret_index_shoals_crete
Shoals:2: layout_shoals, serial_shops, shop
Shoals:3: layout_shoals, uniq_polyphemus
Shoals:4: shoals_end_hangedman, layout_shoals, serial_shops, shop,
          nicolae_shoals_dead_sea_scrolls
Snake:1:  layout_onion, serial_shops, shop, shop, shop, shop,
          grunt_megastairs_4, minmay_shoptagon
Snake:2:  layout_misc_corridors, basic_altar, serial_bayou_pond_e,
          hangedman_snake_corridor_split, uniq_vashnia, uniq_nikola
Snake:3:  gammafunk_the_bubble [the_bubble_gammafunk_plus_minus], layout_rooms,
          drop_trap
Snake:4:  minmay_snake_end_coiled, layout_onion_interference,
          nicolae_snake_squiggles, uniq_aizul
Orc:1:    layout_caves, serial_shops, nicolae_shop_crystal
Orc:2:    kennysheep_orc_mage_school, layout_diamond_mine, serial_shops, shop,
          roderic_batcave, uniq_saint_roka
Elf:1:    minmay_elf_arrival_plus, layout_geoelf_octagon, minmay_elf_demonology,
          uniq_kirke, uniq_agnes, uniq_donald
Elf:2:    layout_geoelf_octagon, serial_shops, nicolae_shop_statue_plus,
          lemuel_flamethrower_3
Elf:3:    minmay_elf_hall_dome, layout_geoelf_castle
Vaults:1: v_misc_33, hangedman_vaults_unwind, nicolae_vaults_border_crossing,
          vaults_dpeg_ring, vaults_mumra_lcd, v_misc_14, vaults_dpeg_cross,
          nicolae_vaults_what_the_h, vaults_room_pool,
          vaults_mumra_chevron_long, v_alt_pattern_4, layout_vaults_omnicross
Vaults:2: ontoclasm_vaults_ligature, vaults_room_hallway,
          nicolae_vaults_know_your_exits, vaults_dpeg_encased_lava,
          vaults_room_hallway, nicolae_vaults_network_quinsquares
          [nicolae_vaults_network_quincunx_subvault,
          nicolae_vaults_network_quincunx_subvault,
          nicolae_vaults_network_quincunx_subvault,
          nicolae_vaults_network_quincunx_subvault], v_misc_33,
          vaults_room_pools, ontoclasm_vaults_hangar,
          nicolae_vaults_specimen_jars, nicolae_vaults_asterisk,
          layout_vaults_maze_snakey, basic_altar, uniq_margery, uniq_xtahua
Vaults:3: advil_vaults_ghost_guards, ontoclasm_vaults_tryst, st_check,
          minmay_crypt_entry_necro_gods, nicolae_vaults_gold_heap,
          vaults_room_corners, v_misc_5, vaults_room_pools,
          nicolae_vaults_hallways_thing, vaults_mumra_chevron,
          vaults_room_corners, ontoclasm_vaults_fault, layout_vaults_ring
Vaults:4: v_misc_11, v_misc_4, vaults_room_octagon, v_misc_5,
          nicolae_vaults_little_squares_4, grunt_vaults_hallway_long,
          nicolae_vaults_little_squares_2, layout_vaults_omnigrid,
          uniq_frederick

Skill      XL: |  1  2  3  4  5  6  7  8  9 10 11 12 13 14 15 16 17 18 19 20 21 |
---------------+----------------------------------------------------------------+-----
Unarmed Combat | 2 3 4 5 6 7 9 10 11 12 13 14 15 16 17 | 17.8
Shields        | 3 4 5 6 7 8 9 10 11 12 13 | 13.4
Fighting       | 4 5 6 7 8 9 10 11 12 13 14 | 14.3
Invocations    | 2 5 7 8 10 11 12 13 14 15 16 | 16.7
Stealth        | 2 4 5 6 8 9 10 11 12 | 12.0
Evocations     | 3 5 6 7 8 |  8.0
Armour         | 3 4 5 6 7 8 9 |  9.4
Dodging        | 1 3 4 5 6 7 8 9 |  9.0
Spellcasting   | 1 4 6 7 9 11 12 | 12.0
Transmutations | 1 4 6 7 9 10 11 | 11.2

Action                   |  1- 3 |  4- 6 |  7- 9 | 10-12 | 13-15 | 16-18 | 19-21 || total
-------------------------+-------+-------+-------+-------+-------+-------+-------++-------
Melee: Unarmed           |   169 |   185 |   275 |   598 |  1102 |  1504 |  1140 ||  4973
       Punch             |       |       |       |       |       |       |    11 ||    11
 Cast: Blade Hands       |       |       |       |       |       |     1 |     7 ||     8
Invok: Grand Finale      |       |       |       |     1 |     4 |     4 |       ||     9
       Stomp             |       |       |       |       |    16 |    13 |     6 ||    35
 Abil: Evoke Flight      |       |       |       |       |     4 |     7 |       ||    11
Evoke: Wand              |       |     4 |       |     4 |    22 |     3 |     4 ||    37
       Phial of floods   |       |       |       |       |     3 |     1 |       ||     4
  Use: Scroll            |     2 |     5 |     6 |    10 |    15 |    12 |     7 ||    57
       Potion            |     1 |     1 |     3 |     3 |     1 |     5 |     4 ||    18
 Stab: Invisible         |       |     4 |       |     2 |       |       |     5 ||    11
       Paralysed         |       |       |    11 |    48 |    92 |   140 |   136 ||   427
       Sleeping          |       |       |     2 |    16 |    29 |    20 |    31 ||    98
       Distracted        |       |       |       |     4 |     4 |     1 |       ||     9
       Petrified         |       |       |       |       |       |     8 |       ||     8
Armor: Scale mail        |    26 |       |       |       |   195 |   322 |   131 ||   674
       Ring mail         |    30 |    24 |    52 |    35 |       |       |       ||   141
       Skin              |       |       |    13 |    17 |       |       |       ||    30
       Troll leather arm |       |       |       |    64 |    45 |       |       ||   109
Dodge: Dodged            |    43 |    59 |    84 |   224 |   356 |   479 |   290 ||  1535
Block: Kite shield       |    61 |    66 |   122 |   293 |   732 |  1405 |   724 ||  3403
       Reflection        |       |       |       |       |    13 |   165 |    41 ||   219
       Other             |       |       |       |       |       |       |    10 ||    10

Table legend: (Time is in decaauts)
 A = Elapsed time spent in this place.
 B = Non-inter-level travel time spent in this place.
 C = Inter-level travel time spent in this place.
 D = Time resting spent in this place.
 E = Time spent auto-exploring this place.
 F = Levels seen in this place.
 G = Mean time per level.
                   A        B        C        D        E       F      G
               +--------+--------+--------+--------+--------+-----+--------+
         Total |  37185 |  32031 |   5154 |   1460 |  21058 |  40 |  929.6 |
       Dungeon |  13586 |  11675 |   1911 |    220 |   8455 |  15 |  905.7 |
        Temple |    120 |    110 |     10 |      0 |    110 |   1 |  120.0 |
          Lair |   7047 |   5593 |   1454 |     76 |   3965 |   6 | 1174.5 |
        Shoals |   4497 |   3966 |    531 |    737 |   1768 |   4 | 1124.2 |
     Snake Pit |   3051 |   2604 |    447 |     73 |   1506 |   4 |  762.8 |
  Orcish Mines |   2087 |   1587 |    500 |     61 |   1039 |   2 | 1043.5 |
   Elven Halls |   1915 |   1805 |    110 |      0 |   1262 |   3 |  638.3 |
        Vaults |   4085 |   3898 |    187 |    107 |   2851 |   4 | 1021.2 |
      Ice Cave |    794 |    794 |      0 |    186 |    101 |   1 |  794.0 |
               +--------+--------+--------+--------+--------+-----+--------+

Top non-repeatable levels by time:
  Lair:2: 1741 daAuts
   Orc:2: 1583 daAuts
Shoals:1: 1397 daAuts
  Lair:6: 1304 daAuts
Shoals:4: 1301 daAuts
  Lair:1: 1206 daAuts
Vaults:1: 1145 daAuts
  Lair:4: 1129 daAuts
Shoals:3: 1099 daAuts
    D:10: 1091 daAuts
Vaults:3: 1044 daAuts
    D:12: 1029 daAuts
Vaults:4: 1025 daAuts
 Snake:1: 1018 daAuts
     D:7: 1011 daAuts
